 Dungeon Crawl Stone Soup version 0.29-a0-320-g9f8742066b (webtiles) character file.

Game seed: 16197846816494316670

6 GigaChad the Grasshopper (level 1, 0/19 HPs)
             Began as a Troll Warper on Apr 2, 2022.
             Frozen to death by an endoplasm (3 damage)
             ... on level 1 of the Dungeon.
             The game lasted 00:00:17 (46 turns).

GigaChad the Grasshopper (Troll Warper)               Turns: 46, Time: 00:00:17

Health: 0/19       AC:  4    Str: 18    XL:     1   Next: 75%
Magic:  1/1        EV: 10    Int:  9    God:
Gold:   0          SH:  0    Dex:  9    Spells: 2/2 levels left

rFire   . . .      SeeInvis .     - Unarmed
rCold   . . .      Faith    .   (no shield)
rNeg    . . .      Spirit   .   a - +0 robe
rPois   .          Reflect  .   (helmet restricted)
rElec   .          Harm     .   (no cloak)
rCorr   .          Rampage  .   (gloves unavailable)
Will    .....                   (boots unavailable)
Stlth   +.........              (no amulet)
HPRegen 0.86/turn               (no ring)
MPRegen 0.07/turn               (no ring)

@: no status effects
A: large, unfitting armour, claws 3, regeneration 1, shaggy fur 1, tough skin 1
a: no special abilities


You were on level 1 of the Dungeon.
You visited 1 branch of the dungeon, and saw 1 of its levels.

Inventory:

Missiles
 c - 7 boomerangs of dispersal (quivered)
Armour
 a - a +0 robe (worn)
Scrolls
 b - a scroll of blinking


   Skills:
 + Level 1.5 Fighting
 + Level 0.8 Throwing
 + Level 2.0 Dodging
 + Level 2.0 Unarmed Combat
 + Level 1.3 Spellcasting
 + Level 2.4 Translocations


You had 2 spell levels left.
You didn't know any spells.
Your spell library contained the following spells:

 Spells                   Type           Power      Damage    Failure   Level
 Blink                    Tloc           8%         N/A       21%         2
 Gell's Gravitas          Tloc           4%         N/A       38%         3
 Lesser Beckoning         Tloc           4%         N/A       38%         3
 Teleport Other           Tloc           4%         N/A       38%         3
 Manifold Assault         Tloc           4%         N/A       98%         5


Dungeon Overview and Level Annotations

Branches:
Dungeon (1/15)

Altars:


Innate Abilities, Weirdness & Mutations

You are too large for most types of armour.
You have claws for hands.
Your natural rate of healing is unusually fast.
You are covered in fur. (AC +1)
You have tough skin. (AC +1)


Message History

The goblin barely misses you.
You scratch the jackal.
The jackal is lightly wounded.
The bat closely misses you. The jackal barely misses you. The jackal bites you.
The goblin hits you with a +0 club.
You barely miss the jackal. The bat barely misses you.
The jackal bites you but does no damage.
The jackal barely misses you. x2
The jackal bites you but does no damage.
The goblin hits you with a +0 club.
You scratch the jackal but do no damage.
The bat hits you but does no damage. The jackal barely misses you. x2
The bat hits you but does no damage. The goblin hits you but does no damage.
You completely miss the jackal. The bat misses you.
The jackal bites you but does no damage.
The jackal bites you.
An endoplasm comes into view.
The goblin closely misses you.
The jackal bites you but does no damage. x2
You barely miss the jackal. The bat hits you but does no damage.
The jackal bites you but does no damage.
The jackal bites you.
* * * LOW HITPOINT WARNING * * *
The goblin hits you with a +0 club.
* * * LOW HITPOINT WARNING * * *
The endoplasm quivers.
You scratch the jackal.
You kill the jackal!
The jackal bites you but does no damage.
The bat closely misses you. The goblin hits you but does no damage.
Your Dodging skill increases to level 2!
You scratch the endoplasm.
The endoplasm is moderately wounded.
The bat barely misses you.
The jackal bites you but does no damage.
The jackal closely misses you. The goblin hits you with a +0 club.
* * * LOW HITPOINT WARNING * * *
The endoplasm freezes you.
You are frozen.
You die...

#####+#####
#.........#
#.........#
#..⌠...⌠..#
#.........#
+....<....+
#.........#
#.b⌠...⌠..#
#...@J....#
#...hg....#
#####'#####
.......†.......
.......##.####.
....... .#
.#...#. #
#...... .... ..


You could see an endoplasm, a jackal, a goblin and a bat.

Vanquished Creatures
  A goblin (D:1)
  3 jackals (D:1)
  A frilled lizard (D:1)
5 creatures vanquished.

Notes
Turn   | Place    | Note
-------+----------+-------------------------------------------
     0 | D:1      | GigaChad the Troll Warper began the quest for the Orb.
     0 | D:1      | Reached XP level 1. HP: 19/19 MP: 1/1
    46 | D:1      | Frozen to death by an endoplasm

Illustrated notes

Levels and vault maps discovered:
D:1:      mushboom_english_gardens, layout_rooms,
          hellmonk_ecumenical_altar_arch_garden

Skill      XL: |  1 |
---------------+----+-----
Dodging        | 2 |  2.0
Fighting       | |  1.5
Throwing       | |  0.8
Unarmed Combat | |  2.0
Spellcasting   | |  1.3
Translocations | |  2.4

Action                   || total
-------------------------++-------
Melee: Unarmed           ||    32
  Use: Scroll            ||     1
Armor: Robe              ||    45
Dodge: Dodged            ||    60

Table legend: (Time is in decaauts)
 A = Elapsed time spent in this place.
 B = Non-inter-level travel time spent in this place.
 C = Inter-level travel time spent in this place.
 D = Time resting spent in this place.
 E = Time spent auto-exploring this place.
 F = Levels seen in this place.
 G = Mean time per level.
                   A        B        C        D        E       F      G
               +--------+--------+--------+--------+--------+-----+--------+
         Total |     45 |     45 |      0 |      0 |      0 |   1 |   45.0 |
       Dungeon |     45 |     45 |      0 |      0 |      0 |   1 |   45.0 |
               +--------+--------+--------+--------+--------+-----+--------+

Top non-repeatable levels by time:
     D:1: 45 daAuts
